 Dungeon Crawl Stone Soup version 0.24-a0-235-g3f03afc (webtiles) character file.

Game seed: 2770325520291446827

63 Gorice the Cruncher (level 4, -1/34 HPs)
             Began as a Gnoll Wanderer on Apr 7, 2019.
             Slain by a gnoll
             ... wielding a +1 halberd of flaming
              (7 damage)
             ... on level 2 of the Dungeon.
             The game lasted 00:06:25 (1418 turns).

Gorice the Cruncher (Gnoll Wanderer)                Turns: 1418, Time: 00:06:25

Health: -1/34      AC:  5    Str: 14    XL:     4   Next: 10%
Magic:  0/6        EV: 15    Int: 16    God:
Gold:   79         SH:  0    Dex: 19    Spells: 5/5 levels left

rFire    . . .     SeeInvis .   b - +0 quarterstaff
rCold    . . .     Gourm    .   (shield currently unavailable)
rNeg     . . .     Faith    .   e - +0 ring mail
rPois    +         Spirit   +   (no helmet)
rElec    .         Reflect  .   (no cloak)
rCorr    .         Harm     .   (no gloves)
MR       .....                  (no boots)
Stlth    +++.......             m - amulet of guardian spirit
HPRegen  0.11/turn              p - ring of poison resistance
MPRegen  0.10/turn              (no ring)

@: agile
A: distributed training, fangs 1, strong nose
a: no special abilities


You were on level 2 of the Dungeon.
You were not hungry.

You visited 1 branch of the dungeon, and saw 2 of its levels.

You collected 79 gold pieces.

Inventory:

Hand Weapons
 a - a +2 hand axe
 b - a +0 quarterstaff (weapon)
Missiles
 g - 37 arrows
 Y - 34 stones (quivered)
Armour
 d - a +0 robe
 e - a +0 ring mail (worn)
Jewellery
 m - an amulet of guardian spirit (around neck)
 p - a ring of poison resistance (left hand)
Scrolls
 h - a scroll of remove curse {unknown}
 l - a scroll of immolation {unknown}
Potions
 c - a potion of lignification {!q}
 k - a potion of heal wounds {!q}
 n - a potion of curing
Comestibles
 f - 4 rations
 j - 2 chunks of flesh


   Skills:
 + Level 2.7 Fighting
 + Level 1.0 Short Blades
 + Level 1.0 Long Blades
 + Level 6.5 Axes
 + Level 1.0 Maces & Flails
 + Level 1.0 Polearms
 + Level 8.5 Staves
 + Level 1.0 Slings
 + Level 1.0 Bows
 + Level 1.0 Crossbows
 + Level 1.0 Throwing
 + Level 1.0 Armour
 + Level 1.0 Dodging
 + Level 2.5 Stealth
 + Level 1.0 Shields
 + Level 1.0 Unarmed Combat
 + Level 1.0 Spellcasting
 + Level 0.7 Conjurations
 + Level 0.7 Hexes
 + Level 0.7 Charms
 + Level 0.7 Summonings
 + Level 0.7 Necromancy
 + Level 0.7 Translocations
 + Level 0.7 Transmutations
 + Level 0.7 Fire Magic
 + Level 0.7 Ice Magic
 + Level 0.7 Air Magic
 + Level 0.7 Earth Magic
 + Level 0.7 Poison Magic
 + Level 1.1 Invocations
 + Level 2.7 Evocations


You had 5 spell levels left.
You didn't know any spells.
Your spell library was empty.

Dungeon Overview and Level Annotations

Branches:
Dungeon (2/15)

Altars:

Annotations:
D:2 Sigmund


Innate Abilities, Weirdness & Mutations

Your experience applies equally to all skills.
You have very sharp teeth.
Your uncanny sense of smell can sniff out nearby items.


Message History

The kobold throws a stone.
The stone hits you but does no damage.
You see here a stone.
The kobold barely misses you. The kobold hits you.
Damage: 1 (max 1)
You thump the kobold!
You kill the kobold!
No target in view!
Y - 34 stones (gained 1)
Y - 35 stones (gained 1)
Y - 37 stones (gained 2) Eating one of 3 chunks of flesh.
You eat one of the 3 chunks of flesh.
This raw flesh tastes terrible.
The gnoll shouts!
The gnoll is too close now for your liking.
Press: ? - help, v - describe, . - travel
Here: a gnoll, wielding a +1 halberd of flaming The floor.
You aren't carrying any items that you can evoke.
Throwing (i - inventory)
Y - 37 stones (quivered)
Press: ? - help, Shift-Dir - straight line, f - gnoll
Aim: a gnoll, wielding a +1 halberd of flaming You throw a stone.
The stone closely misses the gnoll.
Throwing (i - inventory)
Y - 36 stones (quivered)
Press: ? - help, Shift-Dir - straight line, f/p - gnoll
Aim: a gnoll, wielding a +1 halberd of flaming You throw a stone.
The stone hits the gnoll but does no damage.
Throwing (i - inventory)
Y - 35 stones (quivered)
Press: ? - help, Shift-Dir - straight line, f/p - gnoll
Aim: a gnoll, wielding a +1 halberd of flaming You throw a stone.
The stone barely misses the gnoll.
Really quaff
i - a potion of agility {!q}? [Y]es or [N]o only, please.
Really quaff
i - a potion of agility {!q}?
You feel agile all of a sudden.
The gnoll hits you from afar with a +1 halberd of flaming!
The gnoll burns you.
Damage: 11 (max 11)
You hit the gnoll.
The gnoll is moderately wounded.
The gnoll barely misses you.
Your ring mail prevents you from hitting the gnoll.
The gnoll is moderately wounded.
The gnoll hits you with a +1 halberd of flaming!
The gnoll burns you!
* * * LOW HITPOINT WARNING * * *
Damage: 17 (max 17)
The gnoll hits you from afar with a +1 halberd of flaming!
You die...

# #.. ##...## .## #.# ...#
#...... ... ..# #...# #.#.##.
.##.##.# #...# #......
......# #...# #......
#.##.#.†######...######......
#............................
..#......g............#......
#.....(((gg.@÷...............
###...########...#######.....
....# #...# #..... #.##.
#...# ## ##.### # # #...#
#.......# #...###.####..#
#........###..#
#.^........#..#
##.####..#.#..##


You could see 3 gnolls.

Vanquished Creatures
  2 adders (D:2)
  2 oozes
  A worm (D:2)
  2 dart slugs (D:1)
  2 ball pythons
  5 bats
  4 goblins (D:1)
  A hobgoblin (D:1)
  2 frilled lizards
  6 kobolds
  7 rats (D:1)
34 creatures vanquished.

Notes
Turn   | Place    | Note
-------+----------+-------------------------------------------
     0 | D:1      | Gorice the Gnoll Wanderer began the quest for the Orb.
     0 | D:1      | Gorice set off with the following items: a +2 hand axe, a
                  | +0 quarterstaff, a potion of lignification {!q}, a +0 robe,
                  | a ration
     0 | D:1      | Reached XP level 1. HP: 17/17 MP: 2/2
   217 | D:1      | Reached XP level 2. HP: 11/23 MP: 3/3
   577 | D:1      | Reached XP level 3. HP: 28/28 MP: 4/4
   921 | D:2      | Noticed Sigmund
  1059 | D:2      | Reached skill level 1 in Invocations
  1383 | D:2      | Reached skill level 1 in Short Blades
  1383 | D:2      | Reached skill level 1 in Long Blades
  1383 | D:2      | Reached skill level 1 in Maces & Flails
  1383 | D:2      | Reached skill level 1 in Polearms
  1383 | D:2      | Reached skill level 1 in Slings
  1383 | D:2      | Reached skill level 1 in Bows
  1383 | D:2      | Reached skill level 1 in Crossbows
  1383 | D:2      | Reached skill level 1 in Throwing
  1383 | D:2      | Reached skill level 1 in Armour
  1383 | D:2      | Reached skill level 1 in Dodging
  1383 | D:2      | Reached skill level 1 in Shields
  1383 | D:2      | Reached skill level 1 in Unarmed Combat
  1383 | D:2      | Reached skill level 1 in Spellcasting
  1387 | D:2      | Reached XP level 4. HP: 33/34 MP: 4/6
  1417 | D:2      | HP: 6/34 [gnoll/+1 halberd of flaming (6)]
  1418 | D:2      | Slain by a gnoll

Levels and vault maps discovered:
D:1:      lightli_arrival_noodles, layout_loops_ring, minivault_25,
          kennysheep_small_spiral, minmay_ruptured
D:2:      layout_loops_cross, uniq_sigmund

Skill      XL: |  1  2  3 |
---------------+----------+-----
Invocations    | 1 |  1.1
Short Blades   | 1 |  1.0
Long Blades    | 1 |  1.0
Maces & Flails | 1 |  1.0
Polearms       | 1 |  1.0
Slings         | 1 |  1.0
Bows           | 1 |  1.0
Crossbows      | 1 |  1.0
Throwing       | 1 |  1.0
Armour         | 1 |  1.0
Dodging        | 1 |  1.0
Shields        | 1 |  1.0
Unarmed Combat | 1 |  1.0
Spellcasting   | 1 |  1.0
Fighting       | |  2.7
Axes           | |  6.5
Staves         | |  8.5
Stealth        | |  2.5
Conjurations   | |  0.7
Hexes          | |  0.7
Charms         | |  0.7
Summonings     | |  0.7
Necromancy     | |  0.7
Translocations | |  0.7
Transmutations | |  0.7
Fire Magic     | |  0.7
Ice Magic      | |  0.7
Air Magic      | |  0.7
Earth Magic    | |  0.7
Poison Magic   | |  0.7
Evocations     | |  2.7

Action                   |  1- 3 |  4- 6 || total
-------------------------+-------+-------++-------
Melee: Quarterstaff      |    83 |     3 ||    86
       Bite              |     9 |       ||     9
Throw: Stone             |     4 |     3 ||     7
  Use: Scroll            |     4 |       ||     4
       Potion            |       |     1 ||     1
 Stab: Sleeping          |     5 |       ||     5
  Eat: Chunk             |     1 |     1 ||     2
Armor: Ring mail         |    29 |       ||    29
Dodge: Dodged            |    40 |     2 ||    42

Table legend:
 A = Non-vault XP
 B = Vault XP
 C = Vault XP percentage of total XP
 D = Non-vault monster count
 E = Vault monster count
 F = Vault count percentage of total count
                 A         B        C        D         E       F
            +---------+---------+-------+---------+---------+-------
      Total |      90 |       1 |   1.1 |      33 |       1 |   2.9
            +---------+---------+-------+---------+---------+-------
        D:1 |      43 |       1 |   2.3 |      23 |       1 |   4.2
        D:2 |      47 |       0 |   0.0 |      10 |       0 |   0.0
            +---------+---------+-------+---------+---------+-------

Table legend:
 A = Turns spent in this place as a percentage of turns spent in the entire game.
 B = Non-inter-level travel turns spent in this place as a percentage of non-inter-level travel turns spent in the entire game.
 C = Inter-level travel turns spent in this place as a percentage of turns spent in this place.
 D = Turns resting spent in this place as a percentage of non-inter-level travel turns spent in this place.
 E = Turns spent auto-exploring this place as a percentage of non-inter-level travel turns spent in this place.
 F = Non-inter-level travel turns spent in this place divided by the number of levels of this place that you've seen.
                   A       B       C       D       E      F
               +-------+-------+-------+-------+-------+----------------------
         Total | 100.0 | 100.0 |  10.7 |  23.0 |  39.3 | 633.0
       Dungeon | 100.0 | 100.0 |  10.7 |  23.0 |  39.3 | 633.0
               +-------+-------+-------+-------+-------+----------------------

Levels and vault maps discovered:
D:1:      lightli_arrival_noodles, layout_loops_ring, minivault_25,
          kennysheep_small_spiral, minmay_ruptured
D:2:      layout_loops_cross, uniq_sigmund
